 Dungeon Crawl Stone Soup version 0.31-a0-675-g238779eb0a (webtiles) character file.

Game seed: 18109420688035697401

35 Xavori the Cutter (level 3, 0/17 (26) HPs)
             Began as an Octopode Chaos Knight on Sept 6, 2023.
             Was a Plaything of Xom.
             Slain by a worm (9 damage)
             ... on level 2 of the Dungeon.
             The game lasted 00:01:15 (10025 turns).

Xavori the Cutter (Octopode Chaos Knight)          Turns: 10025, Time: 00:01:16

HP:   0/17 (26)     AC:  1    Str:  9    XL:     3   Next: 33%
MP:   3/3           EV: 14    Int: 17    God:    Xom [...*..]
Gold: 69            SH:  0    Dex: 16    Spells: 2/2 levels left

rFire   . . .        a - +0 short sword (chaos)
rCold   . . .        (no shield)
rNeg    . . .        (helmet restricted)
rPois   .            (no amulet)
rElec   .            (no ring)
rCorr   .            (no ring)
SInv    +            (no ring)
Will    +....        (no ring)
Stlth   +++          (no ring)
HPRegen 0.22/turn    (no ring)
MPRegen 0.08/turn    (no ring)
                     (no ring)

%: clarity
@: very heavily drained
A: almost no armour, amphibious, 8 rings, camouflage 1, gelatinous body 1,
(nimble swimmer 1), tentacles, see invisible, agile 1, clarity, clever 1, high
MP 1, strong-willed 1, passive freeze
a: Renounce Religion


You were on level 2 of the Dungeon.
You worshipped Xom.
You were a favourite toy of Xom.
You visited 1 branch of the dungeon, and saw 2 of its levels.

You collected 69 gold pieces.

Inventory:

Hand Weapons
 a - a +0 short sword of chaos (weapon)
Scrolls
 b - a scroll of butterflies
 c - 3 scrolls of identify {unknown}
 d - 2 scrolls of teleportation {unknown}
 e - a scroll of blinking {unknown}
 g - a scroll of revelation {unknown}
Potions
 f - 2 potions of might {unknown}
 h - 2 potions of resistance {unknown}


   Skills:
 + Level 3.4 Fighting
 + Level 3.5 Short Blades
 + Level 2.7 Dodging
 + Level 1.2 Stealth


You had 2 spell levels left.
You didn't know any spells.
Your spell library was empty.

Dungeon Overview and Level Annotations

Branches:
Dungeon (2/15)

Altars:
Elyvilon


Innate Abilities, Weirdness & Mutations

You cannot wear most types of armour.
You are amphibious.
You can wear up to eight rings at the same time.
Your skin changes colour to match your surroundings (Stealth+).
Your rubbery body absorbs attacks. (AC +1, EV +1)
((You are camouflaged when in or above water. (Stealth+)))
You have tentacles for arms and can constrict up to eight enemies at once.
You have supernaturally acute eyesight. (SInv)
You are agile. (Dex +4, Str/Int -1)
You possess an exceptional clarity of mind.
Your mind is acute. (Int +4, Str/Dex -1)
You have an increased reservoir of magic. (+10% MP)
You are strong-willed. (Will+)
A frigid envelope surrounds you and freezes all who hurt you.


Message History

You start waiting.
Done waiting.
You start waiting.
Done waiting.
You start waiting.
Done waiting.
You start waiting.
Done waiting.
You start waiting.
Done waiting.
You start waiting.
Done waiting.
You start waiting.
Xom's power touches on you for a moment.
Your body is suffused with distortional energy.
You feel more energetic.
You climb downwards.
There is a stone staircase leading up here.
A worm comes into view.
A worm is nearby!
A worm is nearby!
A worm is nearby!
The worm bites you!
Ouch! That really hurt!
The worm is very cold.
The worm is moderately wounded.
You are too injured to fight recklessly!
You are too injured to fight recklessly!
You are too injured to fight recklessly!
Unknown command.
You are too injured to fight recklessly!
You barely miss the worm. Your grab misses the worm.
You tentacle-slap the worm.
The worm is moderately wounded.
You barely miss the worm. Your grab misses the worm.
The worm is moderately wounded.
The worm bites you!
Ouch! That really hurt!
You die... "Boring in life, boring in death..."

##.#.###.##.####.##.
#.#.# #.##.# #.#.#
#.##.# ....# #.##.#
#...# #.##.# ##..#
#.##.# ...# #<##.#
###
#.##.#######.....
#..###.##.=...@w...#
#..........#########
#......###.#
#..##### #.# #$ #.#
# ... ... #..# #
#..# #########.#####


You could see a worm.

Vanquished Creatures
  3 dart slugs
  A ball python (D:1)
  An endoplasm (D:1)
  A giant cockroach (D:1)
  3 goblins (D:1)
  6 jackals (D:1)
  A quokka (D:1)
  3 frilled lizards (D:1)
  4 kobolds
  4 rats (D:1)
27 creatures vanquished.

Notes
Turn   | Place    | Note
-------+----------+-------------------------------------------
     0 | D:1      | Xavori the Octopode Chaos Knight began the quest for the
                  | Orb.
     0 | D:1      | Reached XP level 1. HP: 16/16 MP: 1/1
    87 | D:1      | XOM: potion effect (haste)
   117 | D:1      | Reached XP level 2. HP: 21/21 MP: 2/2
   215 | D:1      | XOM: butterfly on damage
   227 | D:1      | Reached skill level 1 in Stealth
   227 | D:1      | Reached XP level 3. HP: 23/26 MP: 3/3
   252 | D:1      | XOM is BORED!
   377 | D:1      | XOM: 2-stop teleportation journey
   928 | D:1      | XOM: god gift: fuming black potion {god gift}
  1335 | D:1      | XOM: torment (14/26 hp)
  2018 | D:1      | XOM: god gift: 4 stones
  2248 | D:1      | XOM: give mutations
  2248 | D:1      | Gained mutation: Your mind is acute. (Int +4, Str/Dex -1)
                  | [Xom's grace]
  2248 | D:1      | Gained mutation: You have an increased reservoir of magic.
                  | (+10% MP) [Xom's grace]
  3430 | D:1      | XOM: summons 2 hostile demons
  3712 | D:2      | XOM: give mutations
  3712 | D:2      | Gained mutation: You possess an exceptional clarity of
                  | mind. [Xom's mischief]
  3712 | D:2      | Gained mutation: A frigid envelope surrounds you and
                  | freezes all who hurt you. [Xom's mischief]
  3712 | D:2      | Lost mutation: You have an increased reservoir of magic.
                  | (+10% MP) [Xom's mischief]
  3712 | D:2      | Gained mutation: You are agile. (Dex +4, Str/Int -1) [Xom's
                  | mischief]
  4245 | D:1      | XOM: cloud trail
  4426 | D:1      | XOM: silly message
  5014 | D:1      | XOM: noise
  5146 | D:1      | XOM: divination: detect items
  5401 | D:1      | XOM: noise
  5793 | D:1      | XOM is BORED!
  6158 | D:1      | XOM: cloud trail
  7439 | D:1      | XOM: torment (14/26 hp)
  7571 | D:1      | XOM: draining
  7605 | D:1      | XOM: draining
  8171 | D:1      | XOM: give mutations
  8171 | D:1      | Gained mutation: You are strong-willed. (Will+) [Xom's
                  | mischief]
  8171 | D:1      | Gained mutation: You have supernaturally acute eyesight.
                  | (SInv) [Xom's mischief]
  8419 | D:1      | XOM is BORED!
  8419 | D:1      | XOM: summons 2 hostile shadow creatures
  8566 | D:2      | XOM: 5-stop teleportation journey
  8593 | D:2      | Found a white marble altar of Elyvilon.
 10010 | D:1      | XOM: give mutation
 10010 | D:1      | Gained mutation: You have an increased reservoir of magic.
                  | (+10% MP) [Xom's grace]
 10025 | D:2      | Slain by a worm

Illustrated notes

Levels and vault maps discovered:
D:1:      dpeg_arrival_renting, layout_basic
D:2:      layout_loops_ring, basic_altar, grunt_decor_cap,
          kennysheep_generic_room_16

Skill      XL: |  1  2 |
---------------+-------+-----
Stealth        | 1 |  1.2
Fighting       | |  3.4
Short Blades   | |  3.5
Dodging        | |  2.7

Action                     || total
---------------------------++-------
  Melee: Short sword       ||    54
         Constrict         ||    18
         Tentacles         ||    14
         Punch             ||     1
    Use: Potion            ||     1
   Stab: Sleeping          ||     5
 Armour: Skin              ||    21
  Dodge: Dodged            ||    25

Table legend: (Time is in decaauts)
 A = Elapsed time spent in this place.
 B = Non-inter-level travel time spent in this place.
 C = Inter-level travel time spent in this place.
 D = Time resting spent in this place.
 E = Time spent auto-exploring this place.
 F = Levels seen in this place.
 G = Mean time per level.
                   A        B        C        D        E       F      G
               +--------+--------+--------+--------+--------+-----+--------+
         Total |  10005 |   9977 |     28 |   9296 |    522 |   2 | 5002.5 |
       Dungeon |  10005 |   9977 |     28 |   9296 |    522 |   2 | 5002.5 |
               +--------+--------+--------+--------+--------+-----+--------+

Top non-repeatable levels by time:
     D:1: 9512 daAuts
     D:2: 493 daAuts
